 Dungeon Crawl Stone Soup version 0.30-a0-322-g102857c98e (webtiles) character file.

Game seed: 13161987150790291999

10621 billz999 the Skirmisher (level 11, -12/86 HPs)
             Began as a Gnoll Hunter on Oct 27, 2022.
             Was a Priest of Qazlal.
             Mangled by Erolcha
             ... wielding a +0 giant spiked club
              (28 damage)
             ... on level 12 of the Dungeon.
             The game lasted 00:28:25 (10911 turns).

billz999 the Skirmisher (Gnoll Hunter)             Turns: 10911, Time: 00:28:26

Health: -12/86     AC: 11    Str: 12    XL:     11   Next: 65%
Magic:  19/21      EV: 15    Int: 18    God:    Qazlal [***...]
Gold:   309        SH:  4    Dex: 19    Spells: 16/23 levels left

rFire   + . .      SeeInvis .    b - +4 dagger (elec)
rCold   . . .      Faith    .    (no shield)
rNeg    . . .      Spirit   .    E - +1 ring mail of Generosity {rF+ Int+4}
rPois   .          Reflect  .    (no helmet)
rElec   .          Harm     .    w - +1 cloak
rCorr   .          Rampage  .    (no gloves)
Will    .....                    B - +0 pair of boots
Stlth   ++........               D - amulet of the acrobat
HPRegen 0.34/turn                y - +6 ring of intelligence
MPRegen 0.17/turn                (no ring)

@: no status effects
A: fangs 1, strong nose, distributed training
a: Renounce Religion, Upheaval, Elemental Force


You were on level 12 of the Dungeon.
You worshipped Qazlal.
Qazlal was most pleased with you.
You visited 1 branch of the dungeon, and saw 14 of its levels.

You collected 721 gold pieces.
You spent 412 gold pieces at shops.

Inventory:

Hand Weapons
 a - a +1 arbalest
 b - a +4 dagger of electrocution (weapon)
 e - a +1 whip of freezing
 x - the +7 spear of Attainder {protect, rPois}
   (You found it on level 14 of the Dungeon)

   It grants its wielder temporary protection when it strikes (+7 to AC).
   rPois:     It protects you from poison.
 G - a +0 war axe
 H - a +0 shortbow
Missiles
 r - a throwing net
Armour
 c - a +0 leather armour
 w - a +1 cloak (worn)
 B - a +0 pair of boots (worn)
 E - the +1 ring mail of Generosity (worn) {rF+ Int+4}
   (You found it on level 7 of the Dungeon)

   Int:       It affects your intelligence (+4).
   rF:        It protects you from fire.
Jewellery
 y - a +6 ring of intelligence (left hand)
 D - an amulet of the acrobat (around neck)
 J - a ring of ice
Wands
 g - a wand of flame (3)
 j - a wand of polymorph (19)
Scrolls
 d - 6 scrolls of identify
 h - 2 scrolls of enchant armour
 i - 9 scrolls of teleportation
 l - 2 scrolls of silence
 n - 3 scrolls of noise
 s - 2 scrolls of immolation
 t - a scroll of poison
 v - a scroll of fear
 A - 2 scrolls of summoning
 C - 2 scrolls of blinking
Potions
 f - a potion of berserk rage
 k - 3 potions of attraction {unknown}
 m - 2 potions of resistance {unknown}
 o - 2 potions of degeneration {unknown}
 p - 6 potions of curing
 q - a potion of magic {unknown}
 u - a potion of might {unknown}
 z - a potion of invisibility {unknown}
 F - 2 potions of mutation {unknown}
 K - a potion of cancellation {unknown}
Miscellaneous
 I - a box of beasts (inert)


   Skills:
 + Level 8.2 Fighting
 + Level 6.7 Short Blades
 + Level 6.7 Long Blades
 + Level 6.7 Axes
 + Level 6.7 Maces & Flails
 + Level 6.7 Polearms
 + Level 6.7 Staves
 + Level 10.9 Ranged Weapons
 + Level 6.7 Throwing
 + Level 6.7 Armour
 + Level 8.2 Dodging
 + Level 7.2 Stealth
 + Level 6.7 Shields
 + Level 6.7 Unarmed Combat
 + Level 6.7 Spellcasting
 + Level 5.6 Conjurations
 + Level 5.6 Hexes
 + Level 5.6 Summonings
 + Level 5.6 Necromancy
 + Level 5.6 Translocations
 + Level 5.6 Transmutations
 + Level 5.6 Fire Magic
 + Level 5.6 Ice Magic
 + Level 5.6 Air Magic
 + Level 5.6 Earth Magic
 + Level 5.6 Poison Magic
 + Level 7.4 Invocations
 + Level 6.7 Evocations


You had 16 spell levels left.
You knew the following spells:

 Your Spells              Type           Power      Damage    Failure   Level
a - Mephitic Cloud        Conj/Pois/Air  26%        N/A       7%          3
b - Summon Lightning Spi  Summ/Air       26%        N/A       22%         4

Your spell library contained the following spells:

 Spells                   Type           Power      Damage    Failure   Level
 Cigotuvi's Dreadful Rot  Necr/Pois/Air  52%        N/A       3%          2
 Poisonous Vapours        Pois/Air       52%        N/A       3%          2
 Sublimation of Blood     Necr           26%        N/A       3%          2
 Wereblood                Tmut           26%        N/A       3%          2
 Dazzling Flash           Conj/Hex       52%        N/A       7%          3
 Airstrike                Air            13%        2d(2-18)  22%         4
 Dispel Undead            Necr           26%        3d13      22%         4
 Iskenderun's Mystic Bla  Conj/Tloc      26%        2d7       22%         4
 Lightning Bolt           Conj/Air       13%        1d26      54%         5
 Death Channel            Necr           13%        N/A       98%         6
 Starburst                Conj/Fire      13%        6d5       98%         6
 Summon Hydra             Summ           13%        N/A       100%        7


Dungeon Overview and Level Annotations

Branches:
Dungeon (14/15)            Temple (0/1) D:5             Orc (0/2) D:11
   Lair: D:8-11      Vaults: D:13-14

Altars:
Qazlal
Ru
Xom
Yredelemnul
Zin

Shops:
D:5 :   D:6 :   D:8 :   D:10 *   D:11 *

Annotations:
D:5 3 runed translucent doors, NEMO173's ghost, novice TrBe; osoart's ghost, novice OgFE
D:8 2 transporters
D:12 Erolcha


Innate Abilities, Weirdness & Mutations

You have very sharp teeth.
Your uncanny sense of smell can sniff out nearby items.
Your experience applies equally to all skills.


Message History

Unknown command.
Aiming: Paralyse
Press: ? - help, Shift-Dir - straight line, f/p - Erolcha
Aim: Erolcha, wielding a +0 giant spiked club and wearing a +0 robe (heavily wounded, chance to affect: 30%) Erolcha easily resists.
The now-empty wand crumbles to dust.
Erolcha misses you.
Unknown command.
You don't have any such object.
Evoke which item? (* to show all) (? for menu, Esc to quit)
Okay, then.
You don't have any such object.
Evoke which item? (* to show all) (? for menu, Esc to quit)
Okay, then.
You feel much better.
Casting: Summon Lightning Spire (dangerous; 22% risk of failure)
Confirm with . or Enter, or press ? or * to list all spells.
Okay, then.
Casting: Summon Lightning Spire (dangerous; 22% risk of failure)
Confirm with . or Enter, or press ? or * to list all spells.
Aiming: Mephitic Cloud (dangerous; 7% risk of failure)
Press: ? - help, Shift-Dir - straight line, p - Erolcha The ball explodes into a vile cloud!
The stinking cloud engulfs Erolcha but does no damage.
Erolcha is heavily wounded.
Erolcha growls.
Erolcha casts a spell.
Erolcha flickers and vanishes!
Deactivating autopickup; reactivate with Ctrl-A.
Okay, then.
You hear the crackle of electricity.
b - a +4 dagger of electrocution (weapon)
Something hits you but does no damage.
You hit something. You hit something but do no damage. Something hits you!!
* * * LOW HITPOINT WARNING * * *
You closely miss something. Your bite misses something. You miss something.
Your punch misses something. Your bite misses something. You hit something.
Lightning courses through something!! Your punch misses something.
Something hits you!!
You die...

# #. #.#§
+.#. ...
#'#######
#......8##
#######..#
##########{##
#........@°°#
#.......<.°°#
#...........#
#...........#
+...........#
#...........#
#.#
#...........#
#.#
#...........#
#.#
##'##########
#.#


There were no monsters in sight!

Vanquished Creatures
  A boulder beetle (D:14)
  A deep elf pyromancer (D:14)
  2 cyclopes (D:11)
  A manticore (D:11)
  A gargoyle (D:13)
  An unseen horror (D:9)
  2 trolls (D:11)
  2 slime creatures (D:14)
  2 wraiths
  2 shadows
  A basilisk (shapeshifter) (D:14)
  A fire bat (D:11)
  8 yaks
  2 vampire mosquitoes (D:12)
  A water moccasin (D:7)
  An orc warrior (D:11)
  4 ice beasts
  2 sky beasts
  A black bear (D:7)
  3 centaurs
  A phantom (D:4)
  2 nameless horrors
  2 kobold brigands
  A bullfrog (D:6)
  A gnoll sergeant (D:8)
  3 scorpions
  13 killer bees (D:9)
  4 howler monkeys
  5 hounds
  5 orc priests
  3 gnoll boudas
  A jelly (D:5)
  Ijyb (D:3)
  Jessica (D:2)
  Natasha (thrice) (D:2)
  12 orc wizards
  3 iguanas
  17 gnolls
  3 adders
  A shadow imp (D:8)
  2 white imps
  2 ufetubi
  3 adder zombies (D:3)
  A worm (D:4)
  A dart slug (D:5)
  50 orcs
  7 ball pythons
  5 bats
  6 endoplasms
  6 giant cockroaches
  6 goblins
  6 hobgoblins
  2 jackals (D:2)
  5 quokkas
  A ball python zombie (D:3)
  A frilled lizard (D:2)
  15 kobolds
  4 rats
244 creatures vanquished.

Vanquished Creatures (collateral kills)
  A hydra (D:14)
  An ugly thing (D:11)
  A troll (D:14)
3 creatures vanquished.

Vanquished Creatures (others)
  4 withered plants (D:5)
4 creatures vanquished.

Grand Total: 251 creatures vanquished

Notes
Turn   | Place    | Note
-------+----------+-------------------------------------------
     0 | D:1      | billz999 the Gnoll Hunter began the quest for the Orb.
     0 | D:1      | Reached XP level 1. HP: 20/20 MP: 1/1
    86 | D:1      | Reached XP level 2. HP: 26/26 MP: 2/2
   518 | D:2      | Reached XP level 3. HP: 31/31 MP: 3/3
   535 | D:2      | Noticed Natasha
   543 | D:2      | Reached skill level 1 in Invocations
   550 | D:2      | Killed Natasha
   551 | D:2      | Reached skill level 1 in Short Blades
   551 | D:2      | Reached skill level 1 in Long Blades
   551 | D:2      | Reached skill level 1 in Axes
   551 | D:2      | Reached skill level 1 in Maces & Flails
   551 | D:2      | Reached skill level 1 in Polearms
   551 | D:2      | Reached skill level 1 in Staves
   551 | D:2      | Reached skill level 1 in Throwing
   551 | D:2      | Reached skill level 1 in Armour
   551 | D:2      | Reached skill level 1 in Shields
   551 | D:2      | Reached skill level 1 in Unarmed Combat
   551 | D:2      | Reached skill level 1 in Spellcasting
   551 | D:2      | Reached skill level 1 in Evocations
   551 | D:2      | Reached XP level 4. HP: 10/38 MP: 3/5
   622 | D:2      | Noticed Natasha
   635 | D:2      | Killed Natasha
   636 | D:2      | Reached skill level 1 in Conjurations
   636 | D:2      | Reached skill level 1 in Hexes
   636 | D:2      | Reached skill level 1 in Summonings
   636 | D:2      | Reached skill level 1 in Necromancy
   636 | D:2      | Reached skill level 1 in Translocations
   636 | D:2      | Reached skill level 1 in Transmutations
   636 | D:2      | Reached skill level 1 in Fire Magic
   636 | D:2      | Reached skill level 1 in Ice Magic
   636 | D:2      | Reached skill level 1 in Air Magic
   636 | D:2      | Reached skill level 1 in Earth Magic
   636 | D:2      | Reached skill level 1 in Poison Magic
   644 | D:2      | Noticed Natasha
   652 | D:2      | Killed Natasha
   756 | D:2      | Reached XP level 5. HP: 41/43 MP: 7/7
   880 | D:2      | Noticed Jessica
   889 | D:2      | Killed Jessica
  1241 | D:3      | Found a basalt altar of Yredelemnul.
  1245 | D:3      | Noticed Ijyb
  1257 | D:3      | Killed Ijyb
  1325 | D:3      | Reached XP level 6. HP: 45/50 MP: 8/8
  1571 | D:3      | Reached skill level 5 in Fighting
  1571 | D:3      | Reached skill level 5 in Dodging
  2361 | D:4      | Reached XP level 7. HP: 40/56 MP: 10/10
  2776 | D:4      | Found a stormy altar of Qazlal.
  2778 | D:4      | Found a shimmering altar of Xom.
  2780 | D:4      | Found a glowing silver altar of Zin.
  2783 | D:4      | Became a worshipper of Qazlal Stormbringer
  2831 | D:4      | Reached skill level 9 in Ranged Weapons
  2954 | D:5      | Entered Level 5 of the Dungeon
  3192 | D:5      | Reached XP level 8. HP: 62/63 MP: 12/12
  3326 | D:5      | Found Boumox's Book Emporium.
  3342 | D:5      | Found a runed translucent gate.
  3342 | D:5      | Found a runed translucent gate.
  3342 | D:5      | Found a runed translucent gate.
  3342 | D:5      | Noticed NEMO173's ghost (novice TrBe)
  3343 | D:5      | Noticed osoart's ghost (novice OgFE)
  3381 | D:5      | Found a staircase to the Ecumenical Temple.
  3532 | D:5      | Found a sacrificial altar of Ru.
  3769 | D:6      | Learned a level 3 spell: Mephitic Cloud
  3804 | D:6      | Reached * piety under Qazlal
  4070 | D:6      | Found Ofoamn's Book Shop.
  5076 | D:7      | Reached XP level 9. HP: 69/69 MP: 13/15
  5121 | D:7      | Identified the +1 ring mail of Generosity {rF+ Int+4}
  5192 | D:6      | Bought a book of Storms for 352 gold pieces
  5197 | D:6      | Learned a level 4 spell: Summon Lightning Spire
  5839 | D:8      | Found a transporter.
  5842 | D:8      | Found a transporter.
  5842 | D:8      | Noticed a boulder beetle
  5876 | D:8      | Reached skill level 5 in Stealth
  5890 | D:8      | Reached skill level 5 in Invocations
  6457 | D:8      | Found Zoasediv's Tremendous Tomes.
  6798 | D:9      | Reached skill level 5 in Short Blades
  6798 | D:9      | Reached skill level 5 in Long Blades
  6798 | D:9      | Reached skill level 5 in Axes
  6798 | D:9      | Reached skill level 5 in Maces & Flails
  6798 | D:9      | Reached skill level 5 in Polearms
  6798 | D:9      | Reached skill level 5 in Staves
  6798 | D:9      | Reached skill level 5 in Throwing
  6798 | D:9      | Reached skill level 5 in Armour
  6798 | D:9      | Reached skill level 5 in Shields
  6798 | D:9      | Reached skill level 5 in Unarmed Combat
  6798 | D:9      | Reached skill level 5 in Spellcasting
  6798 | D:9      | Reached skill level 5 in Evocations
  6798 | D:9      | Reached XP level 10. HP: 70/77 MP: 17/17
  6821 | D:9      | Reached ** piety under Qazlal
  6825 | D:9      | Reached skill level 10 in Ranged Weapons
  7968 | D:10     | Entered Level 10 of the Dungeon
  7993 | D:9      | Killed an unseen horror
  8009 | D:10     | Found Rogolao's General Store.
  8471 | D:11     | Reached *** piety under Qazlal
  8478 | D:11     | Noticed a green ugly thing
  8487 | D:11     | Killed a green ugly thing
  8517 | D:11     | Found a staircase to the Orcish Mines.
  8557 | D:11     | You fall into a shaft and drop 3 floors!
  8558 | D:14     | Noticed a boulder beetle
  8571 | D:14     | Killed a boulder beetle
  8615 | D:14     | Noticed a five-headed hydra
  8622 | D:14     | Killed a five-headed hydra
  8623 | D:14     | Reached skill level 5 in Conjurations
  8623 | D:14     | Reached skill level 5 in Hexes
  8623 | D:14     | Reached skill level 5 in Summonings
  8623 | D:14     | Reached skill level 5 in Necromancy
  8623 | D:14     | Reached skill level 5 in Translocations
  8623 | D:14     | Reached skill level 5 in Transmutations
  8623 | D:14     | Reached skill level 5 in Fire Magic
  8623 | D:14     | Reached skill level 5 in Ice Magic
  8623 | D:14     | Reached skill level 5 in Air Magic
  8623 | D:14     | Reached skill level 5 in Earth Magic
  8623 | D:14     | Reached skill level 5 in Poison Magic
  8623 | D:14     | Reached XP level 11. HP: 48/85 MP: 15/20
  8953 | D:14     | Noticed a deep elf pyromancer
  8968 | D:14     | Killed a deep elf pyromancer
  9008 | D:14     | Identified the +7 spear of Attainder {protect, rPois}
  9591 | D:11     | Noticed a cyclops
  9621 | D:11     | Killed a cyclops
  9780 | D:11     | Noticed a cyclops
  9786 | D:11     | Killed a cyclops
  9865 | D:11     | Found Korghife's General Store.
  9866 | D:11     | Noticed a manticore
  9869 | D:11     | Killed a manticore
 10111 | D:11     | Bought a potion of heal wounds for 60 gold pieces
 10877 | D:12     | Noticed Erolcha
 10911 | D:12     | Mangled by Erolcha

Illustrated notes

Levels and vault maps discovered:
D:1:      minmay_arrival_doors, layout_rooms
D:2:      layout_rooms, uniq_jessica, uniq_crazy_yiuf_cottage, uniq_natasha
D:3:      layout_basic, nicolae_yredelemnul_corpse_copse,
          hangedman_abyss_or_decor_stabs, feat_on_display, uniq_ijyb
D:4:      layout_loops_ring, grunt_temple_overflow_open, minmay_statues_item,
          hangedman_feature_mirror
D:5:      layout_cave_pools, kennysheep_little_box,
          minmay_temple_entry_stoned_glass, serial_shops, shop,
          gammafunk_ghost_cemetery
D:6:      layout_basic, serial_shops, shop
D:7:      nicolae_cairo_tiling, layout_basic
D:8:      gammafunk_boulding_lane, layout_rooms, nicolae_shop_i_like_big_books
D:9:      layout_loops_ring
D:10:     layout_basic, lair_entry_dummy, enter_trove_3, serial_shops,
          nicolae_stop_n_shop_1
D:11:     layout_cave_pods, hiddenorc1_lemuel, serial_shops, shop
D:12:     layout_roguey, uniq_erolcha
D:13:     layout_roguey, gauntlet_entry_generic
D:14:     layout_loops_ring, grunt_vaults_entry_fortified

Skill      XL: |  1  2  3  4  5  6  7  8  9 10 11 |
---------------+----------------------------------+-----
Invocations    | 1 2 3 4 5 6 7 |  7.4
Short Blades   | 1 2 3 4 5 6 |  6.7
Long Blades    | 1 2 3 4 5 6 |  6.7
Axes           | 1 2 3 4 5 6 |  6.7
Maces & Flails | 1 2 3 4 5 6 |  6.7
Polearms       | 1 2 3 4 5 6 |  6.7
Staves         | 1 2 3 4 5 6 |  6.7
Throwing       | 1 2 3 4 5 6 |  6.7
Armour         | 1 2 3 4 5 6 |  6.7
Shields        | 1 2 3 4 5 6 |  6.7
Unarmed Combat | 1 2 3 4 5 6 |  6.7
Spellcasting   | 1 2 3 4 5 6 |  6.7
Evocations     | 1 2 3 4 5 6 |  6.7
Conjurations   | 1 2 3 4 5 |  5.6
Hexes          | 1 2 3 4 5 |  5.6
Summonings     | 1 2 3 4 5 |  5.6
Necromancy     | 1 2 3 4 5 |  5.6
Translocations | 1 2 3 4 5 |  5.6
Transmutations | 1 2 3 4 5 |  5.6
Fire Magic     | 1 2 3 4 5 |  5.6
Ice Magic      | 1 2 3 4 5 |  5.6
Air Magic      | 1 2 3 4 5 |  5.6
Earth Magic    | 1 2 3 4 5 |  5.6
Poison Magic   | 1 2 3 4 5 |  5.6
Stealth        | 3 4 5 6 7 |  7.2
Fighting       | 5 6 7 8 |  8.2
Dodging        | 5 6 7 8 |  8.2
Ranged Weapons | 9 10 | 10.9

Action                   |  1- 3 |  4- 6 |  7- 9 | 10-12 || total
-------------------------+-------+-------+-------+-------++-------
Melee: Whip              |     3 |     6 |       |       ||     9
       Dagger            |       |    18 |   215 |   198 ||   431
       Bite              |       |     3 |    21 |    31 ||    55
       Punch             |       |       |     6 |     7 ||    13
       Spear             |       |       |       |    15 ||    15
 Fire: Shortbow          |    55 |   137 |   254 |   142 ||   588
       Arbalest          |       |       |       |    50 ||    50
Throw: Throwing net      |       |     1 |       |       ||     1
 Cast: Summon Lightning  |       |       |       |     5 ||     5
       Mephitic Cloud    |       |       |       |     2 ||     2
Invok: Upheaval          |       |       |       |     1 ||     1
Evoke: Wand              |       |     3 |     5 |    22 ||    30
       Box of beasts     |       |       |       |     1 ||     1
  Use: Potion            |     1 |       |       |     5 ||     6
       Scroll            |       |       |       |    10 ||    10
 Stab: Sleeping          |       |       |     1 |       ||     1
       Invisible         |       |       |     1 |     2 ||     3
Armor: Leather armour    |     2 |    12 |    22 |       ||    36
       Ring mail         |       |       |    34 |    85 ||   119
Dodge: Dodged            |    14 |    40 |   161 |   195 ||   410
Block: Other             |       |       |     7 |    32 ||    39

Table legend: (Time is in decaauts)
 A = Elapsed time spent in this place.
 B = Non-inter-level travel time spent in this place.
 C = Inter-level travel time spent in this place.
 D = Time resting spent in this place.
 E = Time spent auto-exploring this place.
 F = Levels seen in this place.
 G = Mean time per level.
                   A        B        C        D        E       F      G
               +--------+--------+--------+--------+--------+-----+--------+
         Total |  10886 |  10430 |    456 |   1325 |   7288 |  14 |  777.6 |
       Dungeon |  10886 |  10430 |    456 |   1325 |   7288 |  14 |  777.6 |
               +--------+--------+--------+--------+--------+-----+--------+

Top non-repeatable levels by time:
     D:9: 1297 daAuts
    D:11: 1266 daAuts
     D:7: 1028 daAuts
     D:4: 1001 daAuts
     D:8: 933 daAuts
     D:6: 930 daAuts
     D:3: 906 daAuts
    D:12: 817 daAuts
     D:2: 750 daAuts
     D:5: 669 daAuts
     D:1: 472 daAuts
    D:14: 446 daAuts
    D:13: 305 daAuts
    D:10: 61 daAuts
